 Dungeon Crawl Stone Soup version 0.28-a0-909-g796cbd3a86 (webtiles) character file.

Game seed: 2889240537955419645

8 Bikalo the Poker (level 2, 22/22 HPs)
             Began as a Demonspawn Gladiator on Nov 25, 2021.
             Quit the game on level 1 of the Dungeon.
             The game lasted 00:00:57 (480 turns).

Bikalo the Poker (Demonspawn Gladiator)              Turns: 480, Time: 00:00:58

Health: 22/22      AC:  4    Str: 14    XL:     2   Next: 0%
Magic:  2/2        EV: 12    Int:  9    God:
Gold:   44         SH:  0    Dex: 14    Spells: 1/1 levels left

rFire   . . .      SeeInvis .   a - +0 trident
rCold   . . .      Faith    .   (no shield)
rNeg    . . .      Spirit   .   b - +0 leather armour
rPois   .          Reflect  .   c - +0 helmet
rElec   .          Harm     .   (no cloak)
rCorr   .          Rampage  .   (no gloves)
Will    .....                   (no boots)
Stlth   +.........              (no amulet)
HPRegen 0.07/turn               (no ring)
MPRegen 0.08/turn               (no ring)

@: no status effects
A: demonic magic 1
a: no special abilities


You were on level 1 of the Dungeon.
You visited 1 branch of the dungeon, and saw 1 of its levels.

You collected 44 gold pieces.

Inventory:

Hand Weapons
 a - a +0 trident (weapon)
Missiles
 d - 3 throwing nets (quivered)
Armour
 b - a +0 leather armour (worn)
 c - a +0 helmet (worn)
Scrolls
 e - a scroll of identify {unknown}
 g - a scroll of enchant weapon {unknown}
Potions
 f - a potion of brilliance {unknown}


   Skills:
 + Level 2.1 Fighting
 * Level 2.9 Polearms
 + Level 1.9 Throwing
 + Level 2.8 Dodging


You had one spell level left.
You didn't know any spells.
Your spell library was empty.

Dungeon Overview and Level Annotations

Branches:
Dungeon (1/15)

Altars:


Innate Abilities, Weirdness & Mutations

Spells you cast may paralyse adjacent enemies.


Message History

No target in view!
No target in view!
No target in view!
No target in view!
No target in view!
No target in view!
You see here a frilled lizard corpse.
f - a purple potion You now have 27 gold pieces (gained 8).
Found 19 arrows and a ring mail.
g - a scroll labelled NUC IFAPSATT
Found a faded altar of an unknown god.
No target in view!
No target in view!
No target in view!
Found 17 gold pieces.
Found a stone staircase leading down.
There is a faded altar of an unknown god here.
Found a stone staircase leading down.
You now have 44 gold pieces (gained 17).
There is a stone staircase leading down here.
A ball python and a rat come into view.
There are monsters nearby!
You hit the rat but do no damage. The rat closely misses you.
You barely miss the rat. The rat bites you.
You puncture the rat!
You kill the rat!
No target in view!
No target in view!
HP restored.
A goblin comes into view. It is wielding a +0 dagger.
A goblin is nearby!
The goblin shouts!
You hit the goblin.
You kill the goblin!
You have reached level 2!
Your demonic ancestry asserts itself...
A menacing aura infuses your magic.
Unknown command.
Unknown command.
Are you sure you want to abandon this character and quit the game? (Confirm with "yes".)

########## #.........
###############.########
......)@.##............#
########.##.###>........
#.##.#.#.###.....
######.##....>.##.#...
#...............##.....
#S###..............#...
#.#.#......###.#...
#.#.#..........#...
###.#.##ยง..#..#######


There were no monsters in sight!

Vanquished Creatures
  A ball python (D:1)
  An endoplasm (D:1)
  A goblin (D:1)
  A jackal (D:1)
  A bat (D:1)
  A frilled lizard (D:1)
  A kobold (D:1)
  A rat (D:1)
8 creatures vanquished.

Notes
Turn   | Place    | Note
-------+----------+-------------------------------------------
     0 | D:1      | Bikalo the Demonspawn Gladiator began the quest for the
                  | Orb.
     0 | D:1      | Reached XP level 1. HP: 16/16 MP: 1/1
   412 | D:1      | Found a faded altar of an unknown god.
   480 | D:1      | Gained mutation: Spells you cast may paralyse adjacent
                  | enemies. [demonic ancestry]
   480 | D:1      | Reached XP level 2. HP: 22/22 MP: 2/2
   480 | D:1      | Quit the game

Illustrated notes

Levels and vault maps discovered:
D:1:      zelgadis_glass_arrival_small, layout_loops_ring,
          ebering_ecumenical_altar_mist, minmay_quantized

Action                   || total
-------------------------++-------
Melee: Trident           ||    23
Armor: Leather armour    ||    10
Dodge: Dodged            ||    10

Table legend: (Time is in decaauts)
 A = Elapsed time spent in this place.
 B = Non-inter-level travel time spent in this place.
 C = Inter-level travel time spent in this place.
 D = Time resting spent in this place.
 E = Time spent auto-exploring this place.
 F = Levels seen in this place.
 G = Mean time per level.
                   A        B        C        D        E       F      G
               +--------+--------+--------+--------+--------+-----+--------+
         Total |    483 |    483 |      0 |    244 |    182 |   1 |  483.0 |
       Dungeon |    483 |    483 |      0 |    244 |    182 |   1 |  483.0 |
               +--------+--------+--------+--------+--------+-----+--------+

Top non-repeatable levels by time:
     D:1: 483 daAuts
